 Dungeon Crawl Stone Soup version 0.20.1-1-g8b1a95d (webtiles) character file.

1421 Knicklaso the Skirmisher (level 8, 0/84 HPs)
             Began as an Ogre Berserker on July 23, 2017.
             Was an Elder of Trog.
             Slain by a gnoll
             ... wielding a +0 halberd
              (6 damage)
             ... on level 6 of the Dungeon.
             The game lasted 00:19:42 (7803 turns).

Knicklaso the Skirmisher (Ogre Berserker)           Turns: 7803, Time: 00:19:42

Health: 0/84       AC:  3    Str: 29    XL:     8   Next: 72%
Magic:  8/8        EV:  7    Int:  8    God:    Trog [****..]
Gold:   589        SH:  0    Dex:  8    Spells: 7/7 levels left

rFire    . . .     SeeInvis .   r - +1 flail (protect)
rCold    . . .     Gourm    .   x - +0 large shield
rNeg     . . .     Faith    +   b - +0 animal skin
rPois    .         Spirit   .   (helmet restricted)
rElec    .         Reflect  .   (no cloak)
rCorr    .         Harm     .   (gloves unavailable)
MR       .....                  (boots unavailable)
Stlth    +.........             w - amulet of faith
Regen    0.3/turn               (no ring)
MPRegen  0.2/turn               (no ring)

@: confused, mighty, very slightly contaminated, glowing, invisible (but backlit
and visible)
A: unfitting armour, tough skin 1
a: Berserk, Trog's Hand, Brothers in Arms, Burn Spellbooks, Renounce Religion


You were on level 6 of the Dungeon.
You worshipped Trog.
Trog was greatly pleased with you.
You were not hungry.

You visited 1 branch of the dungeon, and saw 6 of its levels.
You also visited: Sewer.

You collected 589 gold pieces.

Inventory:

Hand Weapons
 o - a +0 whip
 r - a +1 flail of protection (weapon)
 v - a +0 dire flail
Missiles
 e - 106 stones (quivered)
Armour
 b - a +0 animal skin (worn)
 x - a +0 large shield (worn)
Jewellery
 w - an amulet of faith (around neck)
Wands
 q - a wand of flame (29/48)
 A - a wand of polymorph (16/24)
Scrolls
 d - a scroll of recharging
 g - 8 scrolls of identify
 n - 3 scrolls of magic mapping
 s - a scroll of enchant weapon {unknown}
 t - 6 scrolls of remove curse {unknown}
 y - 3 scrolls of teleportation {unknown}
 z - a scroll of immolation {unknown}
 B - 2 scrolls of fog {unknown}
 E - 2 scrolls of amnesia {unknown}
Potions
 a - a potion of ambrosia
 f - a potion of mutation {unknown}
 i - a potion of degeneration {unknown}
 k - 2 potions of lignification {unknown}
 l - a potion of might
 m - 2 potions of heal wounds {unknown}
 p - 5 potions of haste
 C - a potion of brilliance {unknown}
 F - a potion of curing {unknown}
 G - 2 potions of flight
 I - 2 potions of agility {unknown}
Books
 D - a book of Changes

   Spells                             Type                      Level
   a - Beastly Appendage              Transmutation                1
   b - Sticks to Snakes               Transmutation                2
   c - Spider Form                    Transmutation/Poison         3
   d - Ice Form                       Ice/Transmutation            4
   e - Blade Hands                    Transmutation                5
   Trog disapproves of the use of such an item.
Comestibles
 c - 6 bread rations
 h - a meat ration
 u - 5 fruits


   Skills:
 + Level 6.7 Fighting
 * Level 5.8 Maces & Flails
 + Level 3.8 Throwing
 + Level 3.3 Armour
 + Level 4.1 Dodging
 * Level 2.7 Shields


You had 7 spell levels left.
You didn't know any spells.

Dungeon Overview and Level Annotations

Branches:
Dungeon (6/15)             Temple (0/1) D:6

Altars:
Cheibriados
Gozag
Ru
Xom
Yredelemnul

Annotations:
D:4 cba's ghost, amateur FoFi


Innate Abilities, Weirdness & Mutations

You are too large for most types of armour.
You have tough skin. (AC +1)


Message History

The gnoll hits you from afar with a spear.
* * * LOW HITPOINT WARNING * * *
The gnoll shaman hits you but does no damage.
The gnoll closely misses you.
Invisibility will do you no good right now; use anyway?
You become transparent, but the glow from your corona prevents you from becoming completely invisible.
The gnoll barely misses you.
The gnoll hits you from afar with a spear.
* * * LOW HITPOINT WARNING * * *
The gnoll hits you from afar with a spear.
* * * LOW HITPOINT WARNING * * *
The gnoll hits you from afar with a spear!
* * * LOW HITPOINT WARNING * * *
The gnoll shaman hits you with a club.
* * * LOW HITPOINT WARNING * * *
You are very lightly contaminated with residual magic.
It was a potion of might.
You feel very mighty all of a sudden.
You feel less invigorated. The gnoll hits you with a halberd.
You die...

**,,_,,######.#**#.#,,,...# #.###
,,,8,,,,......####.######.###....
**,,,,,,*#.......................
*****,,*#.......................
*,,*#.......#.##............
*,,*#..........+......##....
*,,*#......g#.##.......=....
#(.####.....#.####.#........
#........g.@#.# #.#........
##.####..ggg#.# #.#........ *,*
#.....#,* *,+........ *,*
#.....#+####*#........
*,*###..........#######....
*,*#............+..........
***,*#............##.........
**,,,,#............##.........
**,,**...##.........##.........


You could see a gnoll shaman and 4 gnolls.

Vanquished Creatures
  Edmund (D:3)
  An orc warrior (D:4)
  An ice beast (D:6)
  2 centaurs
  2 big kobolds (D:4)
  A water moccasin skeleton (D:6)
  2 scorpions
  A crimson imp (D:6)
  A bullfrog zombie (D:6)
  2 hounds
  A gnoll shaman (D:5)
  3 orc priests
  3 orc wizards
  A bullfrog skeleton (D:6)
  A worker ant (D:4)
  3 gnolls (D:5)
  11 adders
  5 oozes
  An adder skeleton (D:4)
  7 worms
  3 dart slugs
  3 leopard geckos
  9 orcs
  8 ball pythons
  7 giant cockroaches
  8 goblins
  11 hobgoblins
  9 jackals
  4 quokkas
  13 bats
  4 frilled lizards
  14 kobolds
  A leopard gecko zombie (D:3)
  A quokka zombie (D:5)
  12 rats
157 creatures vanquished.

Notes
Turn   | Place    | Note
-------+----------+-------------------------------------------
     0 | D:1      | Knicklaso the Ogre Berserker began the quest for the Orb.
     0 | D:1      | Reached XP level 1. HP: 24/24 MP: 1/1
   201 | D:1      | Reached XP level 2. HP: 32/32 MP: 2/2
  1126 | D:2      | Reached XP level 3. HP: 31/39 MP: 3/3
  1153 | D:2      | Reached skill level 1 in Armour
  1807 | D:2      | Reached ** piety under Trog
  1822 | D:2      | Reached XP level 4. HP: 43/49 MP: 4/4
  2045 | D:2      | Reached skill level 1 in Throwing
  2157 | D:2      | Found a snail-covered altar of Cheibriados.
  2237 | D:2      | Found a sacrificial altar of Ru.
  2267 | D:2      | Reached XP level 5. HP: 49/55 MP: 5/5
  2700 | D:3      | HP: 2/55 [orc priest/nerve-wracking pain (2)]
  3735 | D:3      | Found an opulent altar of Gozag.
  3746 | D:3      | Found a basalt altar of Yredelemnul.
  4151 | D:4      | Noticed Edmund
  4152 | D:4      | Noticed cba's ghost (amateur FoFi)
  4190 | D:3      | Killed Edmund
  4190 | D:3      | Reached skill level 5 in Fighting
  4190 | D:3      | Reached XP level 6. HP: 40/66 MP: 6/6
  4654 | D:4      | Noticed an orc warrior
  4664 | D:4      | Killed an orc warrior
  4664 | D:4      | Reached *** piety under Trog
  4664 | D:4      | Reached XP level 7. HP: 65/72 MP: 7/7
  4988 | D:4      | Reached skill level 5 in Maces & Flails
  5874 | D:5      | Entered Level 5 of the Dungeon
  5949 | D:5      | Reached skill level 6 in Fighting
  6096 | D:5      | Reached skill level 1 in Shields
  6096 | D:5      | Reached XP level 8. HP: 47/83 MP: 8/8
  6642 | D:6      | Found a shimmering altar of Xom.
  6811 | D:6      | Found a staircase to the Ecumenical Temple.
  6825 | D:6      | Reached **** piety under Trog
  7006 | D:6      | Found a glowing drain.
  7072 | Sewer    | Entered a sewer
  7802 | D:6      | HP: 2/84 [gnoll shaman/club (6)]
  7803 | D:6      | Slain by a gnoll

Skill      XL: |  1  2  3  4  5  6  7  8 |
---------------+-------------------------+-----
Maces & Flails | 3 4 5 |  5.8
Armour         | 1 2 3 |  3.3
Throwing       | 1 2 3 |  3.8
Dodging        | 3 4 |  4.1
Fighting       | 5 6 |  6.7
Shields        | 1 2 |  2.7

Action                   |  1- 3 |  4- 6 |  7- 9 || total
-------------------------+-------+-------+-------++-------
Melee: Mace              |    95 |    51 |       ||   146
       Spear             |       |    54 |       ||    54
       Whip              |       |    11 |       ||    11
       Flail             |       |    21 |   362 ||   383
Throw: Stone             |    81 |    89 |    46 ||   216
Invok: Berserk           |     2 |     4 |     4 ||    10
       Trog's Hand       |       |       |     1 ||     1
  Use: Potion            |       |       |     5 ||     5
       Scroll            |       |       |     4 ||     4
  Eat: Chunk             |     4 |     9 |    11 ||    24
       Bread ration      |       |     1 |     1 ||     2
Armor: Animal skin       |    34 |    30 |   183 ||   247
Dodge: Dodged            |    50 |    60 |   123 ||   233
Block: Large shield      |       |       |   289 ||   289
